 Dungeon Crawl Stone Soup version 0.20-a0-640-g62ed22f (webtiles) character file.

199385 PurpleRed the Severer (level 17, -1/163 HPs)
             Began as a Minotaur Fighter on Feb 12, 2017.
             Was the Champion of Ru.
             Slain by a spark wasp (16 damage)
             ... on level 4 of the Spider Nest.
             The game lasted 01:45:16 (33750 turns).

PurpleRed the Severer (Minotaur Fighter)           Turns: 33750, Time: 01:45:16

Health: -1/163     AC: 28    Str: 26    XL:     17   Next: 84%
Magic:  14/14      EV: 19    Int:  5    God:    Ru [******]
Gold:   3083       SH:  0    Dex: 15    Spells: 5/16 levels left

rFire    . . .     SeeInvis .   a - +2 battleaxe (flame)
rCold    + . .     Gourm    .   k - +3 plate armour {rC+}
rNeg     . . .     Faith    .   (shield currently unavailable)
rPois    +         Spirit   .   K - +2 hat
rElec    .         Reflect  .   R - +2 cloak {rPois}
rCorr    .         Harm     .   A - +1 pair of gloves
MR       +....                  (no boots)
Stlth    ..........             p - amulet of rage
Regen    0.4/turn               J - +5 ring of strength
MPRegen  0.2/turn               e - +4 ring of evasion

@: no status effects
A: retaliatory headbutt, horns 2, low mp 1, screaming 1, weak 1, no stealth,
hated by all, no air magic, no charms magic, no necromancy magic, unskilled 1
}: 1/15 runes: decaying
a: Draw Out Power, Power Leap, Apocalypse, Renounce Religion, Evoke Berserk Rage


You were on level 4 of the Spider Nest.
You worshipped Ru.
Ru was exalted by your worship.
You were not hungry.

You visited 5 branches of the dungeon, and saw 31 of its levels.
You also visited: Labyrinth, Sewer and Volcano.

You collected 3111 gold pieces.
You spent 28 gold pieces at shops.

Inventory:

Hand Weapons
 a - a +2 battleaxe of flaming (weapon)
 s - a +0 blowgun
 M - a +2 battleaxe of chopping
Missiles
 D - 12 curare-tipped needles
Armour
 k - a +3 plate armour of cold resistance (worn)
 v - a +2 chain mail of fire resistance
 x - a scarf of resistance
 A - a +1 pair of gloves (worn)
 K - a +2 hat (worn)
 R - a +2 cloak of poison resistance (worn)
Jewellery
 e - a +4 ring of evasion (left hand)
 p - an amulet of rage (around neck)
 z - an uncursed ring of positive energy
 C - an uncursed ring of protection from cold
 J - a +5 ring of strength (right hand)
 L - an uncursed amulet of regeneration
 U - an uncursed ring of resist corrosion
 Y - an uncursed ring of protection from fire
 Z - an uncursed ring of flight
Wands
 h - a wand of acid (7/15)
 o - a wand of clouds (7/9)
 r - a wand of digging (18/24)
 y - a wand of lightning (8/15)
Scrolls
 c - 3 scrolls of enchant armour
 g - 24 scrolls of remove curse
 m - 8 scrolls of blinking
 n - 15 scrolls of teleportation
 w - 8 scrolls of identify
 E - 6 scrolls of fear
 O - 6 scrolls of enchant weapon
 T - 3 scrolls of fog
 V - 7 scrolls of magic mapping
 W - 3 scrolls of recharging
 X - 2 scrolls of silence
Potions
 b - 5 potions of lignification
 d - 6 potions of might
 i - 3 potions of cancellation
 l - 7 potions of flight
 q - 7 potions of heal wounds
 u - 7 potions of curing
 B - 8 potions of ambrosia
 F - 4 potions of agility
 G - 5 potions of haste
 N - a potion of invisibility
 P - 2 potions of mutation
 Q - 4 potions of magic
Comestibles
 f - 19 bread rations
 j - 23 royal jellies
 t - 20 meat rations
 H - a chunk of flesh
 I - 4 fruits


   Skills:
 + Level 18.1 Fighting
 - Level 20.9 Axes
 + Level 16.3 Armour
 - Level 11.7 Dodging
   Level 3.2 Shields


You had 5 spell levels left.
You knew the following spells:

 Your Spells              Type           Power        Failure   Level  Hunger
a - Blink                 Tloc           N/A          100%        2    ###....
b - Lesser Beckoning      Tloc           #.........   100%        3    ####...
c - Invisibility          Hex            #.......     100%        6    #######


Dungeon Overview and Level Annotations

Branches:
Dungeon (15/15)            Temple (0/1) D:6            Lair (6/6) D:11
  Swamp (4/4) Lair:2       Spider (4/4) Lair:4        Slime (0/5) Lair:5
    Orc (2/2) D:11            Elf (0/3) Orc:2        Vaults (0/5) D:13
 Depths (0/5) D:15

Altars:
Ashenzari
Cheibriados
Hepliaklqana
Ru
Sif Muna
Trog
Xom
Yredelemnul

Shops:
D:5 =   D:6 [*:%   D:11 *   Orc:2 !(=}


Innate Abilities, Weirdness & Mutations

You reflexively headbutt those who attack you in melee.
You have a pair of horns on your head.
Your magical capacity is low. (-10% MP)
You occasionally shout uncontrollably at your foes.
You are weak. (Str -2)
You cannot be stealthy.
You are hated by all.
You cannot study or cast Air magic.
You cannot study or cast Charms magic.
You cannot study or cast Necromancy magic.
You are somewhat unskilled. (-1 Apt)


Message History

* * * LOW HITPOINT WARNING * * *
You closely miss the spark wasp. You headbutt the spark wasp.
The spark wasp is heavily wounded.
The spark wasp stings you but does no damage.
The spark wasp stings you!
* * * LOW HITPOINT WARNING * * *
The spark wasp shocks you!
* * * LOW HITPOINT WARNING * * *
You focus your will and slow the spark wasp in retribution!
You feel much better.
You redirect the spark wasp's attack!
The spark wasp stings you but does no damage.
You closely miss the spark wasp.
The spark wasp is heavily wounded.
You slash the spark wasp! You burn the spark wasp.
The spark wasp is almost dead.
The spark wasp stings you!
* * * LOW HITPOINT WARNING * * *
The spark wasp shocks you!
You die...

^...#....# #?†#†#.#
..#...#^.##
##....≈####
#.........#
###^.."..#^##
.......^..#
##.#...s..#..##
#^...†.####
###..#.^...≈#≈..#
.#...†.#
#####....#≈.^...#....
..#.#..#
#^......^#^^^^..#^...
.[.....##
#^......^#....^^#^...
.^......#
##..@y..≈#.†.^.^#^...
.#......###
#^.^†..............^
###.......#
#.....^........≈....
#.....^##
#^....≈#.....≈#..)..
##..#.##
#≈.....#.....^#^...≈
##.....#
#....^.#≈.....#.....
#.....<##
#^.....#^.....#...≈^
###....^#
#......#^....##...^#
##.....#
#.....^#≈....#.^..≈#


You could see a spark wasp.

Vanquished Creatures
  Nikola (Spider:1)
  A sphinx (D:15)
  Agnes (Spider:4)
  5 thorn hunters
  Donald (Orc:2)
  2 ghost moths (Spider:4)
  Louise (D:15)
  5 emperor scorpions
  3 entropy weavers
  The ghost of Duelies the Cleaver, a journeyman DsFi (Lair:3)
  Snorg (D:12)
  A minotaur (Lab)
  A yaktaur captain (D:15)
  4 vault guards (D:13)
  Erolcha (Orc:2)
  20 hydras
  3 catoblepae
  3 two-headed ogres
  Erica (D:10)
  3 centaur warriors
  2 ghost crabs (Swamp:2)
  A death knight (D:15)
  12 alligators
  6 death yaks (Lair:6)
  Urug (Lair:3)
  The ghost of edsrzf the Tainter, a novice OpWn of Gozag (D:11)
  9 spriggans
  Sonja (Orc:2)
  Nergalle (Lair:1)
  A hell knight (Volcano)
  3 skeletal warriors (D:14)
  An unseen horror (D:10)
  2 spriggan druids
  A sea snake (Lair:6)
  A lindwurm (Lair:6)
  2 shambling mangroves (Swamp:4)
  13 swamp dragons
  4 deep elf magi
  2 wolf spider zombies
  A harpy (Lair:6)
  13 orb spiders
  2 orc sorcerers
  4 orc knights
  2 manticores
  12 ugly things
  4 cyclopes
  13 elephants (Lair:6)
  24 wolf spiders
  Maurice (D:12)
  An eye of devastation (Lair:5)
  2 black mambas
  A torpor snail (Spider:1)
  21 spiny frogs
  2 kobold demonologists
  2 gargoyles
  4 rime drakes
  4 freezing wraiths (D:15)
  14 demonic crawlers
  5 yaktaurs
  8 komodo dragons
  2 tengu conjurers (D:13)
  29 jumping spiders
  6 polar bears
  20 hornets
  2 wind drakes (Lair:6)
  10 blink frogs
  7 trolls
  A tyrant leech (Swamp:2)
  Grinder (D:3)
  5 hippogriffs
  4 bog bodies
  10 slime creatures
  4 dream sheep (Lair:6)
  Sigmund (D:3)
  28 tarantellas
  44 redbacks
  A shadow (D:12)
  2 basilisks
  4 wyverns
  Eustachio (D:6)
  40 yaks
  A hog (D:11)
  A human (D:11)
  A hungry ghost (D:8)
  9 fire bats (Volcano)
  2 wraiths
  15 vampire mosquitoes
  15 swamp worms
  A soldier ant (D:11)
  15 water moccasins
  An acid dragon (D:15)
  13 porcupines
  37 orc warriors
  12 swamp drakes
  2 ice beasts
  An eye of draining (Lair:5)
  6 sky beasts
  Purgy (D:4)
  9 ogres
  2 phantoms
  2 necrophages
  5 boggarts (D:14)
  15 wolves
  14 centaurs
  12 crocodiles
  3 big kobolds
  12 bullfrogs
  A wyvern zombie (D:15)
  A wyvern skeleton (D:13)
  8 scorpions
  10 killer bees
  14 wights
  4 electric eels
  3 crimson imps
  2 quasits (D:9)
  3 centaur zombies
  7 jellies
  9 lava snakes (Volcano)
  9 hounds
  A bullfrog zombie (D:13)
  4 centaur skeletons
  18 orc priests
  24 orc wizards
  2 bullfrog skeletons
  An iguana (D:6)
  Ijyb (D:3)
  4 hell rats (Lair:4)
  11 worker ants
  2 merfolk avatars
  A merfolk siren (Sewer)
  A hound skeleton (D:4)
  A gnoll (D:1)
  A howler monkey zombie (D:10)
  21 adders
  4 river rats
  3 shadow imps
  An ooze (D:7)
  An adder zombie (D:8)
  A worm (D:4)
  A dart slug (D:2)
  8 leopard geckos
  99 orcs
  7 bats
  4 giant cockroaches
  9 hobgoblins
  6 jackals
  5 quokkas
  3 ball pythons (Sewer)
  10 frilled lizards
  5 goblins
  24 kobolds
  2 leopard gecko zombies
  32 rats
  10 briar patches
  2 fungi (Lair:6)
  14 plants
  A toadstool (D:1)
1108 creatures vanquished.

Vanquished Creatures (others)
  A harpy (Lair:6)
  2 wolf spiders
  2 jumping spiders
  A hippogriff (D:12)
  A swamp worm (Swamp:2)
  An orc warrior (Orc:2)
  2 centaurs (Orc:2)
  A hound (D:14)
  An orc (Orc:2)
  A briar patch (Swamp:3)
  10 fungi
  31 plants
  3 toadstools (D:1)
57 creatures vanquished.

Grand Total: 1165 creatures vanquished

Notes
Turn   | Place    | Note
-------+----------+-------------------------------------------
     0 | D:1      | PurpleRed the Minotaur Fighter began the quest for the Orb.
     0 | D:1      | Reached XP level 1. HP: 19/19 MP: 0/0
    95 | D:1      | Reached skill level 3 in Axes
   110 | D:1      | Reached XP level 2. HP: 25/27 MP: 1/1
   478 | D:1      | Reached skill level 4 in Axes
   478 | D:1      | Reached XP level 3. HP: 32/33 MP: 2/2
   650 | D:2      | Found a sacrificial altar of Ru.
   653 | D:2      | Became a worshipper of Ru the Awakened
   655 | D:2      | Found a bloodstained altar of Trog.
   656 | D:2      | Found a hazy altar of Hepliaklqana.
  1022 | D:2      | Reached XP level 4. HP: 40/40 MP: 3/3
  1159 | D:3      | Noticed Ijyb
  1209 | D:3      | Killed Ijyb
  1209 | D:3      | Reached skill level 5 in Axes
  1362 | D:3      | Noticed Sigmund
  1372 | D:3      | Killed Sigmund
  1372 | D:3      | Reached skill level 5 in Fighting
  1372 | D:3      | Reached skill level 6 in Axes
  1372 | D:3      | Reached XP level 5. HP: 48/48 MP: 4/4
  1430 | D:3      | Reached XP level 6. HP: 54/56 MP: 5/5
  1502 | D:3      | Noticed Grinder
  1513 | D:3      | Killed Grinder
  1513 | D:3      | Reached skill level 7 in Axes
  2073 | D:3      | Reached XP level 7. HP: 53/63 MP: 6/6
  2108 | D:3      | Reached skill level 8 in Axes
  2275 | D:4      | Gained mutation: You are hated by all. [Ru sacrifice]
  2275 | D:4      | Reached * piety under Ru
  2385 | D:4      | Noticed Purgy
  2401 | D:4      | Killed Purgy
  2405 | D:4      | Found a basalt altar of Yredelemnul.
  2507 | D:4      | Found a glowing drain.
  2618 | Sewer    | Entered a sewer
  2700 | Sewer    | Reached skill level 9 in Axes
  3231 | D:4      | Reached skill level 5 in Armour
  3250 | D:4      | Reached XP level 8. HP: 70/70 MP: 7/7
  3416 | D:5      | Entered Level 5 of the Dungeon
  3554 | D:5      | Reached skill level 10 in Axes
  3591 | D:5      | Found Sumnynt's Jewellery Boutique.
  3639 | D:5      | Gained mutation: You are somewhat unskilled. (-1 Apt) [Ru sacrifice]
  3639 | D:5      | Reduced skill Fighting to level 5
  3639 | D:5      | Reduced skill Axes to level 9
  3639 | D:5      | Reached ** piety under Ru
  3639 | D:5      | Reached *** piety under Ru
  3858 | D:5      | Reached skill level 5 in Armour
  4209 | D:5      | Reached skill level 10 in Axes
  4465 | D:6      | Found Emniklos's Assorted Antiques.
  4465 | D:6      | Noticed Eustachio
  4487 | D:6      | Killed Eustachio
  4501 | D:6      | Bought a scroll labeled GEYDENTIFIA for 28 gold pieces
  4533 | D:6      | Found a staircase to the Ecumenical Temple.
  4621 | D:6      | Reached XP level 9. HP: 51/74 MP: 8/8
  4808 | D:6      | Found Rasmon's Food Emporium.
  4820 | D:6      | Found Xaz Avaff's Book Shoppe.
  5153 | D:6      | Found Xutaf's Antique Armour Shop.
  5352 | D:6      | Reached skill level 11 in Axes
  5768 | D:7      | Gained mutation: You cannot study or cast Air magic. [Ru sacrifice]
  5768 | D:7      | Gained mutation: You cannot study or cast Necromancy magic. [Ru sacrifice]
  5768 | D:7      | Gained mutation: You cannot study or cast Charms magic. [Ru sacrifice]
  5768 | D:7      | Reached **** piety under Ru
  5795 | D:7      | Found a snail-covered altar of Cheibriados.
  6395 | D:8      | Noticed a troll
  6423 | D:8      | Killed a troll
  6423 | D:8      | Reached skill level 12 in Axes
  6800 | D:8      | Reached XP level 10. HP: 86/86 MP: 3/9
  6857 | D:8      | Reached skill level 13 in Axes
  6875 | D:8      | Noticed a two-headed ogre
  7223 | D:8      | Noticed a two-headed ogre
  7238 | D:8      | Killed a two-headed ogre
  7395 | D:8      | Killed a two-headed ogre
  7516 | D:9      | Found a shattered altar of Ashenzari.
  7590 | D:9      | Reached skill level 14 in Axes
  7723 | D:9      | Gained mutation: You occasionally shout uncontrollably at your foes. [Ru sacrifice]
  8099 | D:10     | Entered Level 10 of the Dungeon
  8540 | D:10     | Reached XP level 11. HP: 90/97 MP: 10/10
  8761 | D:10     | Noticed Erica
  8765 | D:10     | Killed Erica
  8765 | D:10     | Reached skill level 15 in Axes
  8803 | D:10     | Killed an unseen horror
  9112 | D:11     | Found Neggaac's Changing Room.
  9120 | D:11     | Reached skill level 10 in Fighting
  9237 | D:11     | Noticed edsrzf's ghost (novice OpWn)
  9254 | D:11     | Killed edsrzf's ghost
  9258 | D:11     | Found a staircase to the Lair.
  9294 | D:11     | Noticed a two-headed ogre
  9309 | D:11     | Killed a two-headed ogre
  9381 | D:11     | Reached skill level 16 in Axes
  9516 | D:11     | Found a staircase to the Orcish Mines.
 10598 | D:12     | Noticed Snorg
 10600 | D:12     | Noticed Maurice
 10607 | D:12     | Killed Snorg
 10621 | D:12     | Killed Maurice
 10621 | D:12     | Reached XP level 12. HP: 108/110 MP: 11/11
 11331 | D:13     | Reached skill level 17 in Axes
 11540 | D:13     | Noticed a catoblepas
 11554 | D:13     | Killed a catoblepas
 11933 | D:13     | Noticed a vault guard
 11963 | D:13     | Killed a vault guard
 12310 | D:13     | Noticed a vault guard
 12319 | D:13     | Killed a vault guard
 12563 | D:13     | Found a gate to the Vaults.
 12563 | D:13     | Noticed a vault guard
 12564 | D:13     | Noticed a vault guard
 12573 | D:13     | Killed a vault guard
 12577 | D:13     | Killed a vault guard
 12577 | D:13     | Reached skill level 18 in Axes
 13106 | D:13     | Found a deep blue altar of Sif Muna.
 13170 | Lair:1   | Entered Level 1 of the Lair of Beasts
 13185 | Lair:1   | Noticed a five-headed hydra
 13194 | Lair:1   | Killed a one-headed hydra
 13312 | Lair:1   | Reached XP level 13. HP: 100/117 MP: 12/12
 13453 | Lair:1   | Noticed Nergalle
 13465 | Lair:1   | Killed Nergalle
 14142 | Lair:2   | Reached skill level 10 in Armour
 14376 | Lair:2   | Found a staircase to the Swamp.
 14968 | Lair:3   | Noticed Urug
 14993 | Lair:3   | Killed Urug
 15044 | Lair:3   | Found a dark tunnel.
 15057 | Volcano  | Entered a volcano
 15265 | Volcano  | Gained mutation: You are weak. (Str -2) [Ru sacrifice]
 15265 | Volcano  | Reached ***** piety under Ru
 15413 | Volcano  | Reached skill level 19 in Axes
 15454 | Volcano  | Found a bloodstained altar of Trog.
 15673 | Lair:3   | Noticed Duelies's ghost (journeyman DsFi)
 15688 | Lair:3   | Killed Duelies's ghost
 15688 | Lair:3   | Reached skill level 1 in Dodging
 15820 | Lair:3   | Identified a scroll of acquirement
 16530 | Lair:3   | Found a shimmering altar of Xom.
 16621 | Lair:4   | Found a bloodstained altar of Trog.
 16631 | Lair:4   | Found a labyrinth entrance.
 16672 | Lab      | Entered a labyrinth
 16879 | Lab      | Noticed a minotaur
 16885 | Lab      | Killed a minotaur
 16926 | Lab      | Learned a level 2 spell: Blink
 17131 | Lair:4   | Learned a level 3 spell: Lesser Beckoning
 17138 | Lair:4   | Learned a level 6 spell: Invisibility
 17174 | Lair:4   | Found a hole to the Spider Nest.
 17353 | Lair:4   | Reached XP level 14. HP: 121/125 MP: 13/13
 17992 | Lair:5   | Found a staircase to the Slime Pits.
 18005 | Lair:5   | Reached skill level 5 in Dodging
 18085 | Lair:6   | Entered Level 6 of the Lair of Beasts
 18484 | Lair:6   | Reached skill level 20 in Axes
 19468 | Lair:6   | Identified the Almanac of Poisoning
 20200 | Orc:1    | Entered Level 1 of the Orcish Mines
 20200 | Orc:1    | Found a shimmering altar of Xom.
 20458 | Orc:2    | Entered Level 2 of the Orcish Mines
 20487 | Orc:2    | Found a staircase to the Elven Halls.
 20514 | Orc:2    | Noticed Donald
 20531 | Orc:2    | Killed Donald
 21325 | Orc:2    | Noticed Erolcha
 21328 | Orc:2    | Noticed Sonja
 21333 | Orc:2    | Killed Erolcha
 21333 | Orc:2    | Killed Sonja
 21333 | Orc:2    | Reached XP level 15. HP: 108/132 MP: 14/14
 21714 | Orc:2    | Found Yhetam's Jewellery Emporium.
 21714 | Orc:2    | Found Casy's Antique Weapon Boutique.
 21716 | Orc:2    | Found Xoac's Distillery.
 21718 | Orc:2    | Found Ibauhof's Gadget Shoppe.
 22483 | D:14     | Reached skill level 10 in Dodging
 23235 | D:15     | Entered Level 15 of the Dungeon
 23239 | D:15     | Noticed Louise
 23251 | D:15     | Killed Louise
 23792 | D:15     | Noticed a sphinx
 23802 | D:15     | Paralysed by a sphinx for 5 turns
 23814 | D:15     | Paralysed by a sphinx for 3 turns
 23818 | D:15     | Killed a sphinx
 24183 | D:15     | Found a staircase to the Depths.
 24709 | Swamp:1  | Entered Level 1 of the Swamp
 25635 | Swamp:2  | Noticed a thorn hunter
 25644 | Swamp:2  | Killed a thorn hunter
 25962 | Swamp:2  | Noticed a thorn hunter
 25978 | Swamp:2  | Killed a thorn hunter
 25978 | Swamp:2  | Reached XP level 16. HP: 90/147 MP: 15/15
 27447 | Swamp:3  | Noticed a thorn hunter
 27459 | Swamp:3  | Killed a thorn hunter
 27592 | Swamp:3  | Reached skill level 15 in Fighting
 28056 | Swamp:4  | Entered Level 4 of the Swamp
 28331 | Swamp:4  | Noticed a thorn hunter
 28341 | Swamp:4  | Killed a thorn hunter
 28622 | Swamp:4  | Got a decaying rune of Zot
 28626 | Swamp:4  | Identified the Reference Book on Feathery Dislocation
 28686 | Swamp:4  | Noticed a thorn hunter
 28697 | Swamp:4  | Killed a thorn hunter
 29836 | Spider:1 | Entered Level 1 of the Spider Nest
 30085 | Spider:1 | Noticed Nikola
 30099 | Spider:1 | Killed Nikola
 30651 | Spider:2 | Reached XP level 17. HP: 94/159 MP: 16/16
 31167 | Spider:2 | Gained mutation: Your magical capacity is low. (-10% MP) [Ru sacrifice]
 31230 | Spider:2 | Reached skill level 15 in Armour
 32649 | Spider:4 | Entered Level 4 of the Spider Nest
 32653 | Spider:4 | Noticed Agnes
 32662 | Spider:4 | Killed Agnes
 33102 | Spider:4 | Gained mutation: You cannot be stealthy. [Ru sacrifice]
 33102 | Spider:4 | Reached ****** piety under Ru
 33750 | Spider:4 | Slain by a spark wasp

Vault maps used:
D:1:      ldierk_water_garden, kennysheep_doodads
D:2:      minitemple, nicolae_overflow_hidden_temple, minmay_rat_gold_closets
D:3:      uniq_iyjb, uniq_grinder, uniq_sigmund
D:4:      old_standard_altar, gup_sewer_entry_spiral, first_bread,
          minmay_misc_feat_diagonals, uniq_purgy
D:5:      serial_shops, shop_statue, minmay_misc_feat_rows, minivault_19
D:6:      minmay_diamond_boxcup, temple_doors_e, serial_shops,
          nicolae_shop_temple_entry_statues_fountains, shop_fountains,
          shop_statue, nicolae_shop_trees, uniq_eustachio
D:7:      marbit_many_paths
D:9:      cheibrodos_ashenzari_chains
D:10:     uniq_erica
D:11:     david_lair_shrubbed, david_orc_2, grunt_livestock,
          nicolae_transmutations_shop
D:12:     uniq_snorg, uniq_maurice
D:13:     grunt_vaults_entry_fortified, minivault_22, nrook_uturn,
          lemuel_blue_sif_altar
D:14:     minmay_crystal_water
D:15:     grunt_enter_depths_snipers, minmay_splitting_lines,
          minmay_door_square, kennysheep_four_rooms, uniq_louise
Lair:1:   serial_bayou_lagoon_a, gammafunk_lair_bear_cave, uniq_nergalle
Lair:2:   swamp_mist, beast_lair_carwin_11, lemuel_fruit_fields
Lair:3:   enter_volcano_1, basic_altar, beast_lair_carwin_8, uniq_urug
Lair:4:   nicolae_spider_entry_orb_guardian, lab_entry_generic, basic_altar
Lair:5:   minmay_slime_entry_eyes
Lair:6:   gammafunk_lair_ancient_temple, serial_bayou_shore_b
Swamp:1:  evilmike_swamp_ruin_rubble_1, swamp_pool1
Swamp:2:  evilmike_swamp_ruin_house_2, infiniplex_staircase_pool
Swamp:3:  evilmike_swamp_ruin_house_5, infiniplex_staircase_pool_2
Swamp:4:  swamp, swamp_pool4
Spider:1: uniq_nikola
Spider:2: nicolae_spider_mines_1, spider_trap,
          hangedman_spider_tarantella_strand
Spider:4: grunt_spider_rune_parallel, uniq_agnes
Orc:1:    basic_altar
Orc:2:    st_orc_rangers, uniq_erolcha, uniq_sonja, uniq_donald
Lab:      nicolae_lab_x
Sewer:    sewer_sea
Volcano:  volcano_grotto

Skill      XL: |  1  2  3  4  5  6  7  8  9 10 11 12 13 14 15 16 17 |
---------------+----------------------------------------------------+-----
Axes           | 3 4 6 7 9 10 12 14 16 18 19 20 | 20.9
Fighting       | 4 5 6 5 7 9 11 14 16 18 | 18.1
Armour         | 5 6 9 11 14 16 | 16.3
Dodging        | 4 9 11 | 11.7
Shields        | |  3.2

Action                   |  1- 3 |  4- 6 |  7- 9 | 10-12 | 13-15 | 16-18 || total
-------------------------+-------+-------+-------+-------+-------+-------++-------
Melee: War axe           |    94 |    69 |   390 |   500 |   247 |       ||  1300
       Headbutt          |    16 |     8 |    74 |   115 |   241 |   233 ||   687
       Broad axe         |       |       |       |    27 |       |       ||    27
       Hand axe          |       |       |       |     5 |       |       ||     5
       Battleaxe         |       |       |       |       |   802 |   835 ||  1637
 Fire: Blowgun           |       |       |       |       |       |     3 ||     3
Invok: Sacrifice Love    |       |       |     1 |       |       |       ||     1
       Sacrifice Skill   |       |       |     1 |       |       |       ||     1
       Power Leap        |       |       |    10 |    12 |    11 |     2 ||    35
       Sacrifice Arcana  |       |       |     1 |       |       |       ||     1
       Sacrifice Purity  |       |       |       |     1 |     1 |       ||     2
       Reject Sacrifices |       |       |       |     1 |     2 |       ||     3
       Apocalypse        |       |       |       |       |     2 |       ||     2
       Sacrifice Essence |       |       |       |       |       |     1 ||     1
       Sacrifice Stealth |       |       |       |       |       |     1 ||     1
 Abil: Evoke Berserk Rag |       |     2 |     2 |     6 |     1 |       ||    11
  Use: Scroll            |       |     9 |    10 |    14 |     7 |     3 ||    43
       Potion            |       |       |     1 |     2 |     1 |     2 ||     6
 Stab: Invisible         |       |       |     1 |     2 |     9 |    10 ||    22
       Distracted        |       |       |     1 |     2 |     4 |     3 ||    10
       Petrifying        |       |       |       |       |     2 |       ||     2
       Petrified         |       |       |       |       |     2 |       ||     2
       Paralysed         |       |       |       |       |     3 |       ||     3
  Eat: Chunk             |     1 |     5 |    17 |    29 |    34 |    12 ||    98
       Fruit             |       |       |       |       |     8 |    18 ||    26
Armor: Scale mail        |     9 |       |       |       |       |       ||     9
       Chain mail        |    30 |    21 |    85 |       |    20 |       ||   156
       Plate armour      |       |       |    26 |   181 |   419 |   465 ||  1091
Dodge: Dodged            |    33 |    27 |   108 |   124 |   571 |   588 ||  1451
Block: Shield            |    46 |    26 |   166 |   173 |   113 |       ||   524
